 Dungeon Crawl Stone Soup version 0.31-a0-632-g766dd24fdf (webtiles) character file.

Game seed: 13936356449248296592

258 Anonymone the Covered (level 5, -1/47 HPs)
             Began as a Minotaur Fighter on Aug 26, 2023.
             Slain by a gnoll
             ... wielding a +0 flail
              (6 damage)
             ... on level 5 of the Dungeon.
             The game lasted 00:06:53 (3001 turns).

Anonymone the Covered (Minotaur Fighter)            Turns: 3001, Time: 00:06:54

Health: -1/47      AC:  7    Str: 22    XL:     5   Next: 94%
Magic:  4/4        EV:  9    Int:  5    God:
Gold:   217        SH:  4    Dex: 10    Spells: 4/4 levels left

rFire   . . .        a - +0 war axe
rCold   . . .        c - +0 buckler
rNeg    . . .        b - +0 scale mail
rPois   +            (helmet restricted)
rElec   .            (no cloak)
rCorr   .            (no gloves)
SInv    .            (no boots)
Will    .....        f - amulet of the acrobat Stlth
                     o - ring of poison resistance
HPRegen 0.27/turn    (no ring)
MPRegen 0.09/turn

%: acrobat
@: mighty
A: horns 2, retaliatory headbutt
a: no special abilities


You were on level 5 of the Dungeon.
You visited 1 branch of the dungeon, and saw 5 of its levels.

You collected 217 gold pieces.

Inventory:

Hand Weapons
 a - a +0 war axe (weapon)
 B - a +2 falchion of holy wrath
Missiles
 k - 2 throwing nets (quivered)
Armour
 b - a +0 scale mail (worn)
 c - a +0 buckler (worn)
 q - a +0 helmet
Jewellery
 f - an amulet of the acrobat (around neck)
 o - a ring of poison resistance (left hand)
 x - an amulet of guardian spirit
 D - a ring of resist corrosion
Talismans
 y - a beast talisman
Scrolls
 g - 4 scrolls of identify {unknown}
 h - 2 scrolls of fear {unknown}
 i - 2 scrolls of blinking {unknown}
 j - 2 scrolls of enchant weapon {unknown}
 l - a scroll of amnesia {unknown}
 m - 2 scrolls of noise {unknown}
 n - 4 scrolls of teleportation {unknown}
 p - a scroll of poison {unknown}
 r - a scroll of enchant armour {unknown}
 u - 2 scrolls of fog {unknown}
 A - a scroll of revelation {unknown}
Potions
 e - 5 potions of curing {unknown}
 s - 2 potions of mutation {unknown}
 t - 3 potions of berserk rage {unknown}
 v - a potion of resistance {unknown}
 w - a potion of heal wounds {unknown}
 z - a potion of attraction {unknown}
 C - a potion of invisibility {unknown}


   Skills:
 + Level 4.4 Fighting
 + Level 4.9 Axes
 + Level 5.5 Armour
 + Level 0.9 Dodging
 + Level 4.4 Shields


You had 4 spell levels left.
You didn't know any spells.
Your spell library contained the following spells:

 Spells                   Type           Power      Damage    Failure   Level
 Cigotuvi's Dreadful Rot  Necr/Pois/Air  0%         N/A       94%         2
 Gell's Gravitas          Tloc           0%         N/A       99%         3
 Ignite Poison            Fire/Tmut/Pois 0%         N/A       99%         3
 Teleport Other           Tloc           0%         N/A       99%         3
 Freezing Cloud           Conj/Ice/Air   0%         6-21      100%        5
 Dispersal                Tloc           0%         N/A       100%        6


Dungeon Overview and Level Annotations

Branches:
Dungeon (5/15)
 Temple: D:4-7

Altars:
Fedhas

Shops:
D:4 *

Annotations:
D:4 1 runed translucent door, Cummy's ghost, amateur DsCK


Innate Abilities, Weirdness & Mutations

You have a pair of horns on your head.
You reflexively headbutt those who attack you in melee.


Message History

You barely miss the gnoll.
The gnoll is heavily wounded.
The gnoll hits you but does no damage. x2
The gnoll hits you from afar with a +0 spear.
You completely miss the gnoll.
The gnoll is heavily wounded.
The gnoll hits you but does no damage. You block the gnoll's attack.
You slash the gnoll!
You kill the gnoll!
The gnoll hits you from afar with a +0 spear.
The gnoll misses you. You furiously retaliate!
You headbutt the gnoll, but do no damage.
The gnoll completely misses you.
Things that are here:
a +0 club; a gnoll corpse You hit the gnoll but do no damage.
You hit the gnoll. The gnoll hits you but does no damage.
The gnoll hits you with a +0 flail.
You closely miss the gnoll. Your headbutt misses the gnoll.
The gnoll is moderately wounded.
You barely miss the gnoll. The gnoll hits you but does no damage.
You block the gnoll's attack. The gnoll hits you with a +0 spear.
You hit the gnoll. Your headbutt misses the gnoll.
The gnoll is heavily wounded.
You closely miss the gnoll. The gnoll hits you with a +0 flail.
The gnoll hits you with a +0 spear. The gnoll hits you with a +0 flail.
The gnoll barely misses you.
You see here a scorpion corpse.
Unknown command.
You are too injured to fight recklessly!
You are too injured to fight recklessly!
You are too injured to fight recklessly!
You closely miss the gnoll.
The gnoll is heavily wounded.
The gnoll hits you from afar with a +0 spear.
* * * LOW HITPOINT WARNING * * *
The gnoll hits you with a +0 flail!
* * * LOW HITPOINT WARNING * * *
You feel very mighty all of a sudden. You block the gnoll's attack.
The gnoll hits you with a +0 flail.
You die...

#.#........ ....
#.#.#...... ....
#...##..... ####
#..###..### # #..#
#..# #..# #..#
#g.###.#####
#g#........#
##@#........#
######..#........#
##......>.........#
##.................#
#..................#
#..>...............#
#..............#####
#..<...........#
#..............#


You could see 2 gnolls.

Vanquished Creatures
  A scorpion (D:5)
  An iguana (D:4)
  A gnoll (D:5)
  4 adders
  A worm (D:2)
  4 dart slugs
  16 orcs
  11 ball pythons
  6 bats
  6 endoplasms
  4 giant cockroaches
  8 goblins
  7 hobgoblins
  4 jackals (D:4)
  6 kobolds
  3 quokkas
  5 frilled lizards
  5 rats
93 creatures vanquished.

Notes
Turn   | Place    | Note
-------+----------+-------------------------------------------
     0 | D:1      | Anonymone the Minotaur Fighter began the quest for the Orb.
     0 | D:1      | Reached XP level 1. HP: 19/19 MP: 0/0
    54 | D:1      | Reached XP level 2. HP: 27/27 MP: 1/1
    88 | D:1      | You fall into a shaft and drop 1 floor!
   165 | D:2      | Reached skill level 4 in Armour
   324 | D:1      | Reached XP level 3. HP: 33/33 MP: 2/2
   852 | D:2      | Reached XP level 4. HP: 38/40 MP: 3/3
  1116 | D:2      | Found a faded altar of an unknown god.
  1769 | D:4      | Found a runed translucent door.
  1864 | D:4      | Noticed Cummy's ghost (amateur DsCK)
  2156 | D:4      | Found Onelaly's Overcharged Wands.
  2188 | D:4      | Found a blossoming altar of Fedhas.
  2329 | D:4      | Reached XP level 5. HP: 46/46 MP: 4/4
  2331 | D:4      | Reached skill level 5 in Armour
  2849 | D:5      | Entered Level 5 of the Dungeon
  2877 | D:5      | Noticed a wraith
  3001 | D:5      | Slain by a gnoll

Illustrated notes

Levels and vault maps discovered:
D:1:      orjb1_lava_funnel, layout_rooms
D:2:      layout_loops_ring, hellmonk_ecumenical_altar_defaced_shrine
D:3:      layout_basic
D:4:      layout_cave_pods, mainiacjoe_overflow_catwalk,
          hellmonk_ghost_happy_afterlife, nicolae_shop_overcharged_wands
D:5:      layout_rooms, gammafunk_ghost_split, serial_shops,
          nicolae_shop_crystal

Skill      XL: |  1  2  3  4  5 |
---------------+----------------+-----
Shields        | 4 |  4.4
Fighting       | 4 |  4.4
Armour         | 4 5 |  5.5
Axes           | 3 4 |  4.9
Dodging        | |  0.9

Action                     |  1- 3 |  4- 6 || total
---------------------------+-------+-------++-------
  Melee: War axe           |    72 |   115 ||   187
         Headbutt          |     9 |    14 ||    23
    Use: Potion            |       |     1 ||     1
 Armour: Scale mail        |    35 |    42 ||    77
  Dodge: Dodged            |    34 |    63 ||    97
  Block: Buckler           |    14 |    26 ||    40

Table legend: (Time is in decaauts)
 A = Elapsed time spent in this place.
 B = Non-inter-level travel time spent in this place.
 C = Inter-level travel time spent in this place.
 D = Time resting spent in this place.
 E = Time spent auto-exploring this place.
 F = Levels seen in this place.
 G = Mean time per level.
                   A        B        C        D        E       F      G
               +--------+--------+--------+--------+--------+-----+--------+
         Total |   3066 |   2798 |    268 |     82 |   2177 |   5 |  613.2 |
       Dungeon |   3066 |   2798 |    268 |     82 |   2177 |   5 |  613.2 |
               +--------+--------+--------+--------+--------+-----+--------+

Top non-repeatable levels by time:
     D:4: 1143 daAuts
     D:2: 873 daAuts
     D:1: 463 daAuts
     D:3: 440 daAuts
     D:5: 146 daAuts
